Workbook

Sheet Charges
A1: N° Compte | B1: Intitulé | C1: 44561 | D1: 44377 | E1: Type
A2: 601100 | B2: ACHATS DE MATIERES | C2: 311496.44 | D2: 387984.02 | E2: Non prise en compte
A3: 601150 | B3: ACHAT MATIERE INTRA COM | C3: 7889.3 | D3: 234.82 | E3: Non prise en compte
A4: 601200 | B4: FRAIS DE FACTURATION ACHAT | C4: 112.94 | D4: 108.77 | E4: Non prise en compte
A5: 602100 | B5: MATIERES CONSOMMABLES | C5: 31376.29 | D5: 45665.53 | E5: Non prise en compte
A6: 602200 | B6: FOURNITURES CONSOMMABLES | C6: 0 | D6: 4.16 | E6: Non prise en compte
A7: 602600 | B7: EMBALLAGES | C7: 332.3 | E7: Non prise en compte
A8: 602610 | B8: EMBALLAGES PERDUS | C8: 47 | D8: 361.1 | E8: Non prise en compte
A9: 602650 | B9: EMBALLAGE RECUPERABLE NON | C9: 90 | D9: 340 | E9: Non prise en compte
A10: 603100 | B10: VARIATION STOCK MATIERES PR | C10: 0 | D10: 16686 | E10: Non prise en compte
A11: 606110 | B11: ELECTRICITE | C11: 5005.66 | D11: 11614.02 | E11: Atelier
A12: 606120 | B12: EAU | C12: 272.81 | D12: 336.91 | E12: Atelier
A13: 606130 | B13: GAZ | C13: 2335.07 | D13: 2749.43 | E13: Atelier
A14: 606145 | B14: CARBURANT CHARIOT ELEVATE | C14: 1768.49 | D14: 2564.87 | E14: Atelier
A15: 606160 | B15: CARBURANTS | C15: 11169.46 | D15: 20884.1 | E15: Montage
A16: 606320 | B16: PETIT OUTILLAGE | C16: 2212.43 | D16: 12736.07 | E16: Atelier et montage
A17: 606330 | B17: ACHATS FOURN DECOUPE PLAS | C17: 1458.33 | D17: 4763.94 | E17: Atelier
A18: 606400 | B18: FOURNIT.ET PETIT MAT.BUREAU | C18: 1615.12 | D18: 2948.85 | E18: Atelier et montage
A19: 606800 | B19: ACHAT DECHETS INDUSTRIELS | C19: 245.47 | D19: 293.42 | E19: Non prise en compte
... A25: 613500 | B25: LOCATIONS MOBILIERES | C25: 33256.57 | D25: 53627.92 | E25: Atelier
A26: 613501 | B26: LOCATION MATERIEL BELGIQUE | C26: 895.12 | E26: Atelier
A27: 613510 | B27: LOCATION COURTE DUREE VEHI | C27: 0 | D27: 310 | E27: Montage
A28: 613555 | B28: LOC. ENT. M. SHARP MXC301W + | C28: 1058.74 | D28: 1958.66 | E28: Atelier
A29: 613560 | B29: LOC. MAINT. ENT. ALPHABET BM | C29: 9213.66 | D29: 18427.34 | E29: Atelier et montage
A30: 613565 | B30: LOCATION LD BOOXER FB­090­VX | C30: 2787.36 | D30: 5923.24 | E30: Montage
A31: 613570 | B31: LOC. + ENTR. PEUGEOT EM 291B | C31: 0 | D31: 1079.59 | E31: Montage
A32: 613575 | B32: LOCATION LD BOOXER FB­812­JQ | C32: 2787.36 | D32: 5925.12 | E32: Montage
A33: 613576 | B33: LOCATION ET ENTRETIEN FS­821­ | C33: 2969.1 | D33: 5147.32 | E33: Montage
A34: 613580 | B34: LOC LD PEUGEOT EXPERT FB404 | C34: 1562.19 | D34: 3990.44 | E34: Montage
A35: 613585 | B35: LOCATION MOBILIERE ORANGE | C35: 573.36 | D35: 1146.72 | E35: Atelier
A36: 613590 | B36: LOCATION SHARP MX2651EU ATE | C36: 2048.87 | D36: 1989.52 | E36: Atelier
A37: 615200 | B37: ENTR.REP.DES BIENS IMMOBILIE | C37: 956.53 | E37: Atelier
A38: 615500 | B38: ENTR.REP.DES BIENS MOBILIERS | C38: 1073.61 | D38: 11778.13 | E38: Atelier
A39: 615510 | B39: ENTR.REP.MATERIEL OUTILLAGE | C39: 1674.84 | E39: Atelier
A40: 615515 | B40: FOURNITURE ENTRET REP COM | C40: 410.4 | E40: Atelier
A41: 615516 | B41: ENTRETIEN HABILLAGE FS­821­F | C41: 227.32 | E41: Montage
A42: 615520 | B42: ENTR.REP.MAT TRANSP BMW FH­ | C42: 963.69 | D42: 1230.98 | E42: Atelier et montage
A43: 615521 | B43: TRX ET ENTRETIEN CABINE DE P | C43: 0 | D43: 3280 | E43: Atelier
A44: 615522 | B44: TRAVAUX ENTRETIEN BMW GD­61 | C44: 1149 | E44: Atelier et montage
A45: 615550 | B45: TRVX ENT REP CHARIOT ELEV FE | C45: 0 | D45: 1516.82 | E45: Atelier
A46: 615560 | B46: Trav Entr Réparation poste à souder | C46: 517.14 | D46: 1108.78 | E46: Atelier
A47: 615570 | B47: TRAVAUX ENT PEUGEOT FB090V | C47: 424.13 | D47: 162.1 | E47: Montage
A48: 615575 | B48: ENTRET REP FB­812­JQ | C48: 0 | D48: 209.1 | E48: Montage
A49: 615580 | B49: TRAV ENTRET POUR SECURITE I | C49: 2200 | D49: 523.9 | E49: Montage
A50: 615585 | B50: Trav Entr Rep PEUGEOT EM 291 | C50: 20 | E50: Montage
A51: 615590 | B51: ENTRETIEN REPAR PRESSE PLIE | C51: 1324.94 | E51: Montage
A52: 615600 | B52: MAINTENANCE INFORMATIQUE | C52: 2814.91 | D52: 2944.16 | E52: Atelier et montage
A53: 615700 | B53: ENTRETIEN GENERAL | C53: 5132.52 | D53: 10300.6 | E53: Atelier
A54: 615800 | B54: MAINTENANCE PLASMA+ PRESSE | C54: 1154.44 | D54: 2887.41 | E54: Atelier
A55: 615900 | B55: MAINTENANCE CHUBB | C55: 715.89 | D55: 1507.89 | E55: Atelier
A56: 615950 | B56: MAINTENANCE | C56: 284.12 | D56: 783.14 | E56: Atelier
A57: 615951 | B57: MAINTENANCE CONTROLE ELEC | C57: 0 | D57: 1897.12 | E57: Atelier
A58: 616000 | B58: ASSURANCE CYBER RISQUES | C58: 61.63 | E58: Atelier
A59: 616020 | B59: ASSURANCES PGE 150 K€ | C59: 392.22 | D59: 784.44 | E59: Atelier et montage
A60: 616100 | B60: ASSURANCES MULTIRISQUES | C60: 1995.54 | D60: 3742.86 | E60: Atelier et montage
A61: 616110 | B61: ASSURANCES MARCHAND TRAN | C61: 274.74 | D61: 535 | E61: Montage
A62: 616120 | B62: ASS RC DIRIGEANT | C62: 310.72 | D62: 589.58 | E62: Atelier et montage
A63: 616150 | B63: ASSURANCE PRET | C63: 153.85 | D63: 313.56 | E63: Atelier et montage
A64: 616300 | B64: ASSURANCE VEHICULES | C64: 4355.79 | D64: 7637.06 | E64: Montage
A65: 616400 | B65: ASSURANCES RC | C65: 1687.69 | D65: 3188.45 | E65: Atelier et montage
A66: 616500 | B66: ASSURANCE DIVERS | C66: 708.5 | E66: Atelier et montage
A67: 621100 | B67: PERSONNEL INTERIMAIRE | C67: 75851.08 | D67: 53966.72 | E67: Non prise en compte
A68: 621150 | B68: Personnel KEITA LASSO | C68: 0 | D68: 2427.66 | E68: Non prise en compte
A69: 622200 | B69: COMMISSIONS VERSES SUR VEN | C69: 12640 | E69: Atelier et montage
A70: 622600 | B70: HONORAIRES CAC | C70: 2250 | D70: 4500 | E70: Atelier et montage
A71: 622610 | B71: HONORAIRES | C71: 6264 | D71: 11686 | E71: Atelier et montage
A72: 622620 | B72: HONORAIRES DIVERS | C72: 13250 | D72: 160 | E72: Atelier et montage
A73: 622630 | B73: HONORAIRES TRINITY AVOCATS | C73: 734.63 | D73: 4193.29 | E73: Atelier et montage
A74: 622700 | B74: FRAIS D'ACTES ET CONTENTIEUX | C74: 51.57 | D74: 221.37 | E74: Atelier et montage
A75: 623100 | B75: ANNONCES ET INSERTIONS | C75: 205 | D75: 95 | E75: Atelier et montage
A76: 623400 | B76: CADEAUX A LA CLIENTELE | C76: 1543 | D76: 898.33 | E76: Atelier et montage
A77: 623600 | B77: CATALOGUES ET IMPRIMES | C77: 0 | D77: 44.07 | E77: Atelier et montage
A78: 623800 | B78: DIVERS (POURBOIRES ,DONS) | C78: 150 | D78: 550 | E78: Atelier et montage
A79: 624100 | B79: TRANSPORTS SUR ACHATS | C79: 3528.1 | D79: 2780.84 | E79: Non prise en compte
A80: 624200 | B80: TRANSPORTS SUR VENTES | C80: 27606.43 | D80: 49072.57 | E80: Non prise en compte
A81: 624220 | B81: PORT PAYE NON SOUMIS A LA T | C81: 0 | D81: 31.5 | E81: Atelier et montage
... A85: 625601 | B85: FRAIS NETTOYAGE VETEMENT D | C85: 0 | D85: 690 | E85: Atelier et montage
A86: 625700 | B86: FRAIS DE RECEPTIONS | C86: 585.63 | E86: Atelier et montage
A87: 626000 | B87: FRAIS DE POSTE | C87: 63.07 | D87: 587.3 | E87: Atelier et montage
A88: 626010 | B88: COYOTTE | C88: 97.38 | D88: 348.16 | E88: Montage
A89: 626200 | B89: FRAIS DE TELECOMMUNICATION | C89: 8 | D89: 624 | E89: Atelier et montage
A90: 626250 | B90: FRAIS PORTABLE ATELIER/ CHA | C90: 623.96 | D90: 1418.93 | E90: Atelier
A91: 626260 | B91: ABONNEMENT INTERNET WANAD | C91: 1124 | D91: 1424 | E91: Atelier et montage
A92: 627800 | B92: FRAIS BANCAIRES BA ­ CREDIT | C92: 2639.22 | D92: 10497.17 | E92: Atelier et montage
A93: 627801 | B93: FRAIS BANCAIRE BANQUE POPU | C93: 5742.69 | D93: 2844.46 | E93: Atelier et montage
A94: 628100 | B94: CONCOURS DIVERS (COTISATIO | C94: 100 | E94: Atelier et montage
A95: 628150 | B95: COT.ORG.SYNDICALES ET PROF | C95: 769 | D95: 1513.02 | E95: Atelier et montage
A96: 631200 | B96: TAXE D'APPRENTISSAGE | C96: 2177.23 | D96: 3845.19 | E96: Non prise en compte
A97: 631300 | B97: PART. D'EMPLOYEUR FORMATIO | C97: 2931.17 | D97: 6106.86 | E97: Non prise en compte
A98: 633300 | B98: PARTIC. D'EMPLOYEUR FORMATI | C98: 0 | D98: 182.6 | E98: Non prise en compte
A99: 635111 | B99: CONTRIBUTION CET | C99: 2527 | D99: 7513 | E99: Atelier et montage
A100: 635120 | B100: TAXE FONCIERE | C100: 1811.5 | D100: 2078.5 | E100: Atelier
A101: 635140 | B101: * TAXE S/VEHICULES TOURISME | C101: 1816 | D101: 2056.88 | E101: Atelier et montage
A102: 635400 | B102: DROITS ENREGISTREMENT, TIMB | C102: 18.94 | E102: Atelier et montage
A103: 635800 | B103: AUTRES DROITS ET TAXES | C103: 9550 | E103: Atelier et montage
A104: 635820 | B104: TAXE COREM | C104: 1233.9 | D104: 2166.34 | E104: Atelier et montage
A105: 641100 | B105: SALAIRES OUVRIERS | C105: 225104.69 | D105: 485090.92 | E105: Non prise en compte
A106: 641110 | B106: SALAIRE ADMINISTRATIF | C106: 14250.9 | D106: 32800.06 | E106: Non prise en compte
A107: 641160 | B107: SALAIRES BRUTS PDG | C107: 30000 | D107: 60478 | E107: Non prise en compte
A108: 641200 | B108: CONGES PAYES | C108: -7318.92 | D108: -5752.36 | E108: Non prise en compte
...

Sheet Atelier
A1: N° Compte | B1: Intitulé | C1: 44561 | D1: 44377
A2: =+IF(Charges!$E2="Atelier",Charges!A2,"") | B2: =+IF(Charges!$E2="Atelier",Charges!B2,"") | C2: =+IF(Charges!$E2="Atelier",Charges!C2,"") | D2: =+IF(Charges!$E2="Atelier",Charges!D2,"")
A3: =+IF(Charges!$E3="Atelier",Charges!A3,"") | B3: =+IF(Charges!$E3="Atelier",Charges!B3,"") | C3: =+IF(Charges!$E3="Atelier",Charges!C3,"") | D3: =+IF(Charges!$E3="Atelier",Charges!D3,"")
A4: =+IF(Charges!$E4="Atelier",Charges!A4,"") | B4: =+IF(Charges!$E4="Atelier",Charges!B4,"") | C4: =+IF(Charges!$E4="Atelier",Charges!C4,"") | D4: =+IF(Charges!$E4="Atelier",Charges!D4,"")
A5: =+IF(Charges!$E5="Atelier",Charges!A5,"") | B5: =+IF(Charges!$E5="Atelier",Charges!B5,"") | C5: =+IF(Charges!$E5="Atelier",Charges!C5,"") | D5: =+IF(Charges!$E5="Atelier",Charges!D5,"")
A6: =+IF(Charges!$E6="Atelier",Charges!A6,"") | B6: =+IF(Charges!$E6="Atelier",Charges!B6,"") | C6: =+IF(Charges!$E6="Atelier",Charges!C6,"") | D6: =+IF(Charges!$E6="Atelier",Charges!D6,"")
A7: =+IF(Charges!$E7="Atelier",Charges!A7,"") | B7: =+IF(Charges!$E7="Atelier",Charges!B7,"") | C7: =+IF(Charges!$E7="Atelier",Charges!C7,"") | D7: =+IF(Charges!$E7="Atelier",Charges!D7,"")
A8: =+IF(Charges!$E8="Atelier",Charges!A8,"") | B8: =+IF(Charges!$E8="Atelier",Charges!B8,"") | C8: =+IF(Charges!$E8="Atelier",Charges!C8,"") | D8: =+IF(Charges!$E8="Atelier",Charges!D8,"")
A9: =+IF(Charges!$E9="Atelier",Charges!A9,"") | B9: =+IF(Charges!$E9="Atelier",Charges!B9,"") | C9: =+IF(Charges!$E9="Atelier",Charges!C9,"") | D9: =+IF(Charges!$E9="Atelier",Charges!D9,"")
A10: =+IF(Charges!$E10="Atelier",Charges!A10,"") | B10: =+IF(Charges!$E10="Atelier",Charges!B10,"") | C10: =+IF(Charges!$E10="Atelier",Charges!C10,"") | D10: =+IF(Charges!$E10="Atelier",Charges!D10,"")
A11: =+IF(Charges!$E11="Atelier",Charges!A11,"") -> 606110 | B11: =+IF(Charges!$E11="Atelier",Charges!B11,"") -> ELECTRICITE | C11: =+IF(Charges!$E11="Atelier",Charges!C11,"") -> 5005.66 | D11: =+IF(Charges!$E11="Atelier",Charges!D11,"") -> 11614.02
A12: =+IF(Charges!$E12="Atelier",Charges!A12,"") -> 606120 | B12: =+IF(Charges!$E12="Atelier",Charges!B12,"") -> EAU | C12: =+IF(Charges!$E12="Atelier",Charges!C12,"") -> 272.81 | D12: =+IF(Charges!$E12="Atelier",Charges!D12,"") -> 336.91
A13: =+IF(Charges!$E13="Atelier",Charges!A13,"") -> 606130 | B13: =+IF(Charges!$E13="Atelier",Charges!B13,"") -> GAZ | C13: =+IF(Charges!$E13="Atelier",Charges!C13,"") -> 2335.07 | D13: =+IF(Charges!$E13="Atelier",Charges!D13,"") -> 2749.43
... A143: =+IF(Charges!$E143="Atelier",Charges!A143,"") | B143: =+IF(Charges!$E143="Atelier",Charges!B143,"") | C143: =+IF(Charges!$E143="Atelier",Charges!C143,"") | D143: =+IF(Charges!$E143="Atelier",Charges!D143,"")
A144: =+IF(Charges!$E144="Atelier",Charges!A144,"") | B144: =+IF(Charges!$E144="Atelier",Charges!B144,"") | C144: =SUM(C2:C143) -> 107325.44 | D144: =SUM(D2:D143) -> 216642.16
A145: =+IF(Charges!$E145="Atelier",Charges!A145,"") | B145: =+IF(Charges!$E145="Atelier",Charges!B145,"") | C145: =+IF(Charges!$E145="Atelier",Charges!C145,"") | D145: =+IF(Charges!$E145="Atelier",Charges!D145,"")
A146: =+IF(Charges!$E146="Atelier",Charges!A146,"") | B146: =+IF(Charges!$E146="Atelier",Charges!B146,"") | C146: =+IF(Charges!$E146="Atelier",Charges!C146,"") | D146: =+IF(Charges!$E146="Atelier",Charges!D146,"")
A147: =+IF(Charges!$E147="Atelier",Charges!A147,"") | B147: =+IF(Charges!$E147="Atelier",Charges!B147,"") | C147: =+IF(Charges!$E147="Atelier",Charges!C147,"") | D147: =+IF(Charges!$E147="Atelier",Charges!D147,"")
A148: =+IF(Charges!$E148="Atelier",Charges!A148,"") | B148: =+IF(Charges!$E148="Atelier",Charges!B148,"") | C148: =+IF(Charges!$E148="Atelier",Charges!C148,"") | D148: =+IF(Charges!$E148="Atelier",Charges!D148,"")
A149: =+IF(Charges!$E149="Atelier",Charges!A149,"") | B149: =+IF(Charges!$E149="Atelier",Charges!B149,"") | C149: =+IF(Charges!$E149="Atelier",Charges!C149,"") | D149: =+IF(Charges!$E149="Atelier",Charges!D149,"")
A150: =+IF(Charges!$E150="Atelier",Charges!A150,"") | B150: =+IF(Charges!$E150="Atelier",Charges!B150,"") | C150: =+IF(Charges!$E150="Atelier",Charges!C150,"") | D150: =+IF(Charges!$E150="Atelier",Charges!D150,"")
A151: =+IF(Charges!$E151="Atelier",Charges!A151,"") | B151: =+IF(Charges!$E151="Atelier",Charges!B151,"") | C151: =+IF(Charges!$E151="Atelier",Charges!C151,"") | D151: =+IF(Charges!$E151="Atelier",Charges!D151,"")
A152: =+IF(Charges!$E152="Atelier",Charges!A152,"") | B152: =+IF(Charges!$E152="Atelier",Charges!B152,"") | C152: =+IF(Charges!$E152="Atelier",Charges!C152,"") | D152: =+IF(Charges!$E152="Atelier",Charges!D152,"")
A153: =+IF(Charges!$E153="Atelier",Charges!A153,"") | B153: =+IF(Charges!$E153="Atelier",Charges!B153,"") | C153: =+IF(Charges!$E153="Atelier",Charges!C153,"") | D153: =+IF(Charges!$E153="Atelier",Charges!D153,"")
A154: =+IF(Charges!$E154="Atelier",Charges!A154,"") | B154: =+IF(Charges!$E154="Atelier",Charges!B154,"") | C154: =+IF(Charges!$E154="Atelier",Charges!C154,"") | D154: =+IF(Charges!$E154="Atelier",Charges!D154,"")
A155: =+IF(Charges!$E155="Atelier",Charges!A155,"") | B155: =+IF(Charges!$E155="Atelier",Charges!B155,"") | C155: =+IF(Charges!$E155="Atelier",Charges!C155,"") | D155: =+IF(Charges!$E155="Atelier",Charges!D155,"")
A156: =+IF(Charges!$E156="Atelier",Charges!A156,"") | B156: =+IF(Charges!$E156="Atelier",Charges!B156,"") | C156: =+IF(Charges!$E156="Atelier",Charges!C156,"") | D156: =+IF(Charges!$E156="Atelier",Charges!D156,"")
... A177: =+IF(Charges!$E177="Atelier",Charges!A177,"") | B177: =+IF(Charges!$E177="Atelier",Charges!B177,"") | C177: =+IF(Charges!$E177="Atelier",Charges!C177,"") | D177: =+IF(Charges!$E177="Atelier",Charges!D177,"")

Sheet Montage
A1: N° Compte | B1: Intitulé | C1: 44561 | D1: 44377
A2: =+IF(Charges!$E2="Montage",Charges!A2,"") | B2: =+IF(Charges!$E2="Montage",Charges!B2,"") | C2: =+IF(Charges!$E2="Montage",Charges!C2,"") | D2: =+IF(Charges!$E2="Montage",Charges!D2,"")
A3: =+IF(Charges!$E3="Montage",Charges!A3,"") | B3: =+IF(Charges!$E3="Montage",Charges!B3,"") | C3: =+IF(Charges!$E3="Montage",Charges!C3,"") | D3: =+IF(Charges!$E3="Montage",Charges!D3,"")
A4: =+IF(Charges!$E4="Montage",Charges!A4,"") | B4: =+IF(Charges!$E4="Montage",Charges!B4,"") | C4: =+IF(Charges!$E4="Montage",Charges!C4,"") | D4: =+IF(Charges!$E4="Montage",Charges!D4,"")
A5: =+IF(Charges!$E5="Montage",Charges!A5,"") | B5: =+IF(Charges!$E5="Montage",Charges!B5,"") | C5: =+IF(Charges!$E5="Montage",Charges!C5,"") | D5: =+IF(Charges!$E5="Montage",Charges!D5,"")
A6: =+IF(Charges!$E6="Montage",Charges!A6,"") | B6: =+IF(Charges!$E6="Montage",Charges!B6,"") | C6: =+IF(Charges!$E6="Montage",Charges!C6,"") | D6: =+IF(Charges!$E6="Montage",Charges!D6,"")
A7: =+IF(Charges!$E7="Montage",Charges!A7,"") | B7: =+IF(Charges!$E7="Montage",Charges!B7,"") | C7: =+IF(Charges!$E7="Montage",Charges!C7,"") | D7: =+IF(Charges!$E7="Montage",Charges!D7,"")
A8: =+IF(Charges!$E8="Montage",Charges!A8,"") | B8: =+IF(Charges!$E8="Montage",Charges!B8,"") | C8: =+IF(Charges!$E8="Montage",Charges!C8,"") | D8: =+IF(Charges!$E8="Montage",Charges!D8,"")
A9: =+IF(Charges!$E9="Montage",Charges!A9,"") | B9: =+IF(Charges!$E9="Montage",Charges!B9,"") | C9: =+IF(Charges!$E9="Montage",Charges!C9,"") | D9: =+IF(Charges!$E9="Montage",Charges!D9,"")
A10: =+IF(Charges!$E10="Montage",Charges!A10,"") | B10: =+IF(Charges!$E10="Montage",Charges!B10,"") | C10: =+IF(Charges!$E10="Montage",Charges!C10,"") | D10: =+IF(Charges!$E10="Montage",Charges!D10,"")
A11: =+IF(Charges!$E11="Montage",Charges!A11,"") | B11: =+IF(Charges!$E11="Montage",Charges!B11,"") | C11: =+IF(Charges!$E11="Montage",Charges!C11,"") | D11: =+IF(Charges!$E11="Montage",Charges!D11,"")
A12: =+IF(Charges!$E12="Montage",Charges!A12,"") | B12: =+IF(Charges!$E12="Montage",Charges!B12,"") | C12: =+IF(Charges!$E12="Montage",Charges!C12,"") | D12: =+IF(Charges!$E12="Montage",Charges!D12,"")
A13: =+IF(Charges!$E13="Montage",Charges!A13,"") | B13: =+IF(Charges!$E13="Montage",Charges!B13,"") | C13: =+IF(Charges!$E13="Montage",Charges!C13,"") | D13: =+IF(Charges!$E13="Montage",Charges!D13,"")
... A143: =+IF(Charges!$E143="Montage",Charges!A143,"") | B143: =+IF(Charges!$E143="Montage",Charges!B143,"") | C143: =+IF(Charges!$E143="Montage",Charges!C143,"") | D143: =+IF(Charges!$E143="Montage",Charges!D143,"")
A144: =+IF(Charges!$E144="Atelier",Charges!A144,"") | B144: =+IF(Charges!$E144="Atelier",Charges!B144,"") | C144: =SUM(C2:C143) -> 31647.64 | D144: =SUM(D2:D143) -> 54660.81
A145: =+IF(Charges!$E145="Atelier",Charges!A145,"") | B145: =+IF(Charges!$E145="Atelier",Charges!B145,"") | C145: =+IF(Charges!$E145="Atelier",Charges!C145,"") | D145: =+IF(Charges!$E145="Atelier",Charges!D145,"")
A146: =+IF(Charges!$E146="Atelier",Charges!A146,"") | B146: =+IF(Charges!$E146="Atelier",Charges!B146,"") | C146: =+IF(Charges!$E146="Atelier",Charges!C146,"") | D146: =+IF(Charges!$E146="Atelier",Charges!D146,"")
A147: =+IF(Charges!$E147="Atelier",Charges!A147,"") | B147: =+IF(Charges!$E147="Atelier",Charges!B147,"") | C147: =+IF(Charges!$E147="Atelier",Charges!C147,"") | D147: =+IF(Charges!$E147="Atelier",Charges!D147,"")
A148: =+IF(Charges!$E148="Atelier",Charges!A148,"") | B148: =+IF(Charges!$E148="Atelier",Charges!B148,"") | C148: =+IF(Charges!$E148="Atelier",Charges!C148,"") | D148: =+IF(Charges!$E148="Atelier",Charges!D148,"")
A149: =+IF(Charges!$E149="Atelier",Charges!A149,"") | B149: =+IF(Charges!$E149="Atelier",Charges!B149,"") | C149: =+IF(Charges!$E149="Atelier",Charges!C149,"") | D149: =+IF(Charges!$E149="Atelier",Charges!D149,"")
A150: =+IF(Charges!$E150="Atelier",Charges!A150,"") | B150: =+IF(Charges!$E150="Atelier",Charges!B150,"") | C150: =+IF(Charges!$E150="Atelier",Charges!C150,"") | D150: =+IF(Charges!$E150="Atelier",Charges!D150,"")
A151: =+IF(Charges!$E151="Atelier",Charges!A151,"") | B151: =+IF(Charges!$E151="Atelier",Charges!B151,"") | C151: =+IF(Charges!$E151="Atelier",Charges!C151,"") | D151: =+IF(Charges!$E151="Atelier",Charges!D151,"")
A152: =+IF(Charges!$E152="Atelier",Charges!A152,"") | B152: =+IF(Charges!$E152="Atelier",Charges!B152,"") | C152: =+IF(Charges!$E152="Atelier",Charges!C152,"") | D152: =+IF(Charges!$E152="Atelier",Charges!D152,"")
A153: =+IF(Charges!$E153="Atelier",Charges!A153,"") | B153: =+IF(Charges!$E153="Atelier",Charges!B153,"") | C153: =+IF(Charges!$E153="Atelier",Charges!C153,"") | D153: =+IF(Charges!$E153="Atelier",Charges!D153,"")
A154: =+IF(Charges!$E154="Atelier",Charges!A154,"") | B154: =+IF(Charges!$E154="Atelier",Charges!B154,"") | C154: =+IF(Charges!$E154="Atelier",Charges!C154,"") | D154: =+IF(Charges!$E154="Atelier",Charges!D154,"")
A155: =+IF(Charges!$E155="Atelier",Charges!A155,"") | B155: =+IF(Charges!$E155="Atelier",Charges!B155,"") | C155: =+IF(Charges!$E155="Atelier",Charges!C155,"") | D155: =+IF(Charges!$E155="Atelier",Charges!D155,"")
A156: =+IF(Charges!$E156="Atelier",Charges!A156,"") | B156: =+IF(Charges!$E156="Atelier",Charges!B156,"") | C156: =+IF(Charges!$E156="Atelier",Charges!C156,"") | D156: =+IF(Charges!$E156="Atelier",Charges!D156,"")
... A177: =+IF(Charges!$E177="Atelier",Charges!A177,"") | B177: =+IF(Charges!$E177="Atelier",Charges!B177,"") | C177: =+IF(Charges!$E177="Atelier",Charges!C177,"") | D177: =+IF(Charges!$E177="Atelier",Charges!D177,"")

Sheet Atelier et montage
A1: N° Compte | B1: Intitulé | C1: 44561 | D1: 44377
A2: =+IF(Charges!$E2="Atelier et montage",Charges!A2,"") | B2: =+IF(Charges!$E2="Atelier et montage",Charges!B2,"") | C2: =+IF(Charges!$E2="Atelier et montage",Charges!C2,"") | D2: =+IF(Charges!$E2="Atelier et montage",Charges!D2,"")
A3: =+IF(Charges!$E3="Atelier et montage",Charges!A3,"") | B3: =+IF(Charges!$E3="Atelier et montage",Charges!B3,"") | C3: =+IF(Charges!$E3="Atelier et montage",Charges!C3,"") | D3: =+IF(Charges!$E3="Atelier et montage",Charges!D3,"")
A4: =+IF(Charges!$E4="Atelier et montage",Charges!A4,"") | B4: =+IF(Charges!$E4="Atelier et montage",Charges!B4,"") | C4: =+IF(Charges!$E4="Atelier et montage",Charges!C4,"") | D4: =+IF(Charges!$E4="Atelier et montage",Charges!D4,"")
A5: =+IF(Charges!$E5="Atelier et montage",Charges!A5,"") | B5: =+IF(Charges!$E5="Atelier et montage",Charges!B5,"") | C5: =+IF(Charges!$E5="Atelier et montage",Charges!C5,"") | D5: =+IF(Charges!$E5="Atelier et montage",Charges!D5,"")
A6: =+IF(Charges!$E6="Atelier et montage",Charges!A6,"") | B6: =+IF(Charges!$E6="Atelier et montage",Charges!B6,"") | C6: =+IF(Charges!$E6="Atelier et montage",Charges!C6,"") | D6: =+IF(Charges!$E6="Atelier et montage",Charges!D6,"")
A7: =+IF(Charges!$E7="Atelier et montage",Charges!A7,"") | B7: =+IF(Charges!$E7="Atelier et montage",Charges!B7,"") | C7: =+IF(Charges!$E7="Atelier et montage",Charges!C7,"") | D7: =+IF(Charges!$E7="Atelier et montage",Charges!D7,"")
A8: =+IF(Charges!$E8="Atelier et montage",Charges!A8,"") | B8: =+IF(Charges!$E8="Atelier et montage",Charges!B8,"") | C8: =+IF(Charges!$E8="Atelier et montage",Charges!C8,"") | D8: =+IF(Charges!$E8="Atelier et montage",Charges!D8,"")
A9: =+IF(Charges!$E9="Atelier et montage",Charges!A9,"") | B9: =+IF(Charges!$E9="Atelier et montage",Charges!B9,"") | C9: =+IF(Charges!$E9="Atelier et montage",Charges!C9,"") | D9: =+IF(Charges!$E9="Atelier et montage",Charges!D9,"")
A10: =+IF(Charges!$E10="Atelier et montage",Charges!A10,"") | B10: =+IF(Charges!$E10="Atelier et montage",Charges!B10,"") | C10: =+IF(Charges!$E10="Atelier et montage",Charges!C10,"") | D10: =+IF(Charges!$E10="Atelier et montage",Charges!D10,"")
A11: =+IF(Charges!$E11="Atelier et montage",Charges!A11,"") | B11: =+IF(Charges!$E11="Atelier et montage",Charges!B11,"") | C11: =+IF(Charges!$E11="Atelier et montage",Charges!C11,"") | D11: =+IF(Charges!$E11="Atelier et montage",Charges!D11,"")
A12: =+IF(Charges!$E12="Atelier et montage",Charges!A12,"") | B12: =+IF(Charges!$E12="Atelier et montage",Charges!B12,"") | C12: =+IF(Charges!$E12="Atelier et montage",Charges!C12,"") | D12: =+IF(Charges!$E12="Atelier et montage",Charges!D12,"")
A13: =+IF(Charges!$E13="Atelier et montage",Charges!A13,"") | B13: =+IF(Charges!$E13="Atelier et montage",Charges!B13,"") | C13: =+IF(Charges!$E13="Atelier et montage",Charges!C13,"") | D13: =+IF(Charges!$E13="Atelier et montage",Charges!D13,"")
... A143: =+IF(Charges!$E143="Atelier et montage",Charges!A143,"") | B143: =+IF(Charges!$E143="Atelier et montage",Charges!B143,"") | C143: =+IF(Charges!$E143="Atelier et montage",Charges!C143,"") | D143: =+IF(Charges!$E143="Atelier et montage",Charges!D143,"")
A144: =+IF(Charges!$E144="Atelier et montage",Charges!A144,"") | B144: =+IF(Charges!$E144="Atelier et montage",Charges!B144,"") | C144: =SUM(C2:C143) -> 110729.6 | D144: =SUM(D2:D143) -> 125133.68
A145: =+IF(Charges!$E145="Atelier et montage",Charges!A145,"") | B145: =+IF(Charges!$E145="Atelier et montage",Charges!B145,"") | C145: =+IF(Charges!$E145="Atelier et montage",Charges!C145,"") | D145: =+IF(Charges!$E145="Atelier et montage",Charges!D145,"")
A146: =+IF(Charges!$E146="Atelier et montage",Charges!A146,"") | B146: =+IF(Charges!$E146="Atelier et montage",Charges!B146,"") | C146: =+IF(Charges!$E146="Atelier et montage",Charges!C146,"") | D146: =+IF(Charges!$E146="Atelier et montage",Charges!D146,"")
A147: =+IF(Charges!$E147="Atelier et montage",Charges!A147,"") | B147: =+IF(Charges!$E147="Atelier et montage",Charges!B147,"") | C147: =+IF(Charges!$E147="Atelier et montage",Charges!C147,"") | D147: =+IF(Charges!$E147="Atelier et montage",Charges!D147,"")
A148: =+IF(Charges!$E148="Atelier et montage",Charges!A148,"") | B148: =+IF(Charges!$E148="Atelier et montage",Charges!B148,"") | C148: =+IF(Charges!$E148="Atelier et montage",Charges!C148,"") | D148: =+IF(Charges!$E148="Atelier et montage",Charges!D148,"")
A149: =+IF(Charges!$E149="Atelier et montage",Charges!A149,"") | B149: =+IF(Charges!$E149="Atelier et montage",Charges!B149,"") | C149: =+IF(Charges!$E149="Atelier et montage",Charges!C149,"") | D149: =+IF(Charges!$E149="Atelier et montage",Charges!D149,"")
A150: =+IF(Charges!$E150="Atelier et montage",Charges!A150,"") | B150: =+IF(Charges!$E150="Atelier et montage",Charges!B150,"") | C150: =+IF(Charges!$E150="Atelier et montage",Charges!C150,"") | D150: =+IF(Charges!$E150="Atelier et montage",Charges!D150,"")
A151: =+IF(Charges!$E151="Atelier et montage",Charges!A151,"") | B151: =+IF(Charges!$E151="Atelier et montage",Charges!B151,"") | C151: =+IF(Charges!$E151="Atelier et montage",Charges!C151,"") | D151: =+IF(Charges!$E151="Atelier et montage",Charges!D151,"")
A152: =+IF(Charges!$E152="Atelier et montage",Charges!A152,"") | B152: =+IF(Charges!$E152="Atelier et montage",Charges!B152,"") | C152: =+IF(Charges!$E152="Atelier et montage",Charges!C152,"") | D152: =+IF(Charges!$E152="Atelier et montage",Charges!D152,"")
A153: =+IF(Charges!$E153="Atelier et montage",Charges!A153,"") | B153: =+IF(Charges!$E153="Atelier et montage",Charges!B153,"") | C153: =+IF(Charges!$E153="Atelier et montage",Charges!C153,"") | D153: =+IF(Charges!$E153="Atelier et montage",Charges!D153,"")
A154: =+IF(Charges!$E154="Atelier et montage",Charges!A154,"") | B154: =+IF(Charges!$E154="Atelier et montage",Charges!B154,"") | C154: =+IF(Charges!$E154="Atelier et montage",Charges!C154,"") | D154: =+IF(Charges!$E154="Atelier et montage",Charges!D154,"")
A155: =+IF(Charges!$E155="Atelier et montage",Charges!A155,"") | B155: =+IF(Charges!$E155="Atelier et montage",Charges!B155,"") | C155: =+IF(Charges!$E155="Atelier et montage",Charges!C155,"") | D155: =+IF(Charges!$E155="Atelier et montage",Charges!D155,"")
A156: =+IF(Charges!$E156="Atelier et montage",Charges!A156,"") | B156: =+IF(Charges!$E156="Atelier et montage",Charges!B156,"") | C156: =+IF(Charges!$E156="Atelier et montage",Charges!C156,"") | D156: =+IF(Charges!$E156="Atelier et montage",Charges!D156,"")
... A177: =+IF(Charges!$E177="Atelier et montage",Charges!A177,"") | B177: =+IF(Charges!$E177="Atelier et montage",Charges!B177,"") | C177: =+IF(Charges!$E177="Atelier et montage",Charges!C177,"") | D177: =+IF(Charges!$E177="Atelier et montage",Charges!D177,"")

Sheet Non prises en compte
A1: N° Compte | B1: Intitulé | C1: 44561 | D1: 44377
A2: =+IF(Charges!$E2="Non prise en compte",Charges!A2,"") -> 601100 | B2: =+IF(Charges!$E2="Non prise en compte",Charges!B2,"") -> ACHATS DE MATIERES | C2: =+IF(Charges!$E2="Non prise en compte",Charges!C2,"") -> 311496.44 | D2: =+IF(Charges!$E2="Non prise en compte",Charges!D2,"") -> 387984.02
A3: =+IF(Charges!$E3="Non prise en compte",Charges!A3,"") -> 601150 | B3: =+IF(Charges!$E3="Non prise en compte",Charges!B3,"") -> ACHAT MATIERE INTRA COM | C3: =+IF(Charges!$E3="Non prise en compte",Charges!C3,"") -> 7889.3 | D3: =+IF(Charges!$E3="Non prise en compte",Charges!D3,"") -> 234.82
A4: =+IF(Charges!$E4="Non prise en compte",Charges!A4,"") -> 601200 | B4: =+IF(Charges!$E4="Non prise en compte",Charges!B4,"") -> FRAIS DE FACTURATION ACHAT | C4: =+IF(Charges!$E4="Non prise en compte",Charges!C4,"") -> 112.94 | D4: =+IF(Charges!$E4="Non prise en compte",Charges!D4,"") -> 108.77
A5: =+IF(Charges!$E5="Non prise en compte",Charges!A5,"") -> 602100 | B5: =+IF(Charges!$E5="Non prise en compte",Charges!B5,"") -> MATIERES CONSOMMABLES | C5: =+IF(Charges!$E5="Non prise en compte",Charges!C5,"") -> 31376.29 | D5: =+IF(Charges!$E5="Non prise en compte",Charges!D5,"") -> 45665.53
A6: =+IF(Charges!$E6="Non prise en compte",Charges!A6,"") -> 602200 | B6: =+IF(Charges!$E6="Non prise en compte",Charges!B6,"") -> FOURNITURES CONSOMMABLES | C6: =+IF(Charges!$E6="Non prise en compte",Charges!C6,"") -> 0 | D6: =+IF(Charges!$E6="Non prise en compte",Charges!D6,"") -> 4.16
A7: =+IF(Charges!$E7="Non prise en compte",Charges!A7,"") -> 602600 | B7: =+IF(Charges!$E7="Non prise en compte",Charges!B7,"") -> EMBALLAGES | C7: =+IF(Charges!$E7="Non prise en compte",Charges!C7,"") -> 332.3 | D7: =+IF(Charges!$E7="Non prise en compte",Charges!D7,"") -> 0
A8: =+IF(Charges!$E8="Non prise en compte",Charges!A8,"") -> 602610 | B8: =+IF(Charges!$E8="Non prise en compte",Charges!B8,"") -> EMBALLAGES PERDUS | C8: =+IF(Charges!$E8="Non prise en compte",Charges!C8,"") -> 47 | D8: =+IF(Charges!$E8="Non prise en compte",Charges!D8,"") -> 361.1
A9: =+IF(Charges!$E9="Non prise en compte",Charges!A9,"") -> 602650 | B9: =+IF(Charges!$E9="Non prise en compte",Charges!B9,"") -> EMBALLAGE RECUPERABLE NON | C9: =+IF(Charges!$E9="Non prise en compte",Charges!C9,"") -> 90 | D9: =+IF(Charges!$E9="Non prise en compte",Charges!D9,"") -> 340
A10: =+IF(Charges!$E10="Non prise en compte",Charges!A10,"") -> 603100 | B10: =+IF(Charges!$E10="Non prise en compte",Charges!B10,"") -> VARIATION STOCK MATIERES PR | C10: =+IF(Charges!$E10="Non prise en compte",Charges!C10,"") -> 0 | D10: =+IF(Charges!$E10="Non prise en compte",Charges!D10,"") -> 16686
A11: =+IF(Charges!$E11="Non prise en compte",Charges!A11,"") | B11: =+IF(Charges!$E11="Non prise en compte",Charges!B11,"") | C11: =+IF(Charges!$E11="Non prise en compte",Charges!C11,"") | D11: =+IF(Charges!$E11="Non prise en compte",Charges!D11,"")
A12: =+IF(Charges!$E12="Non prise en compte",Charges!A12,"") | B12: =+IF(Charges!$E12="Non prise en compte",Charges!B12,"") | C12: =+IF(Charges!$E12="Non prise en compte",Charges!C12,"") | D12: =+IF(Charges!$E12="Non prise en compte",Charges!D12,"")
A13: =+IF(Charges!$E13="Non prise en compte",Charges!A13,"") | B13: =+IF(Charges!$E13="Non prise en compte",Charges!B13,"") | C13: =+IF(Charges!$E13="Non prise en compte",Charges!C13,"") | D13: =+IF(Charges!$E13="Non prise en compte",Charges!D13,"")
... A143: =+IF(Charges!$E143="Non prise en compte",Charges!A143,"") -> 695000 | B143: =+IF(Charges!$E143="Non prise en compte",Charges!B143,"") -> *IMPOTS SUR LES BENEFICES | C143: =+IF(Charges!$E143="Non prise en compte",Charges!C143,"") -> 25398 | D143: =+IF(Charges!$E143="Non prise en compte",Charges!D143,"") -> 40925
A144: =+IF(Charges!$E144="Atelier et montage",Charges!A144,"") | B144: =+IF(Charges!$E144="Atelier et montage",Charges!B144,"") | C144: =SUM(C2:C143) -> 1104236.3 | D144: =SUM(D2:D143) -> 1910783.1
A145: =+IF(Charges!$E145="Atelier et montage",Charges!A145,"") | B145: =+IF(Charges!$E145="Atelier et montage",Charges!B145,"") | C145: =+IF(Charges!$E145="Atelier et montage",Charges!C145,"") | D145: =+IF(Charges!$E145="Atelier et montage",Charges!D145,"")
A146: =+IF(Charges!$E146="Atelier et montage",Charges!A146,"") | B146: =+IF(Charges!$E146="Atelier et montage",Charges!B146,"") | C146: =+IF(Charges!$E146="Atelier et montage",Charges!C146,"") | D146: =+IF(Charges!$E146="Atelier et montage",Charges!D146,"")
A147: =+IF(Charges!$E147="Atelier et montage",Charges!A147,"") | B147: =+IF(Charges!$E147="Atelier et montage",Charges!B147,"") | C147: =+IF(Charges!$E147="Atelier et montage",Charges!C147,"") | D147: =+IF(Charges!$E147="Atelier et montage",Charges!D147,"")
A148: =+IF(Charges!$E148="Atelier et montage",Charges!A148,"") | B148: =+IF(Charges!$E148="Atelier et montage",Charges!B148,"") | C148: =+IF(Charges!$E148="Atelier et montage",Charges!C148,"") | D148: =+IF(Charges!$E148="Atelier et montage",Charges!D148,"")
A149: =+IF(Charges!$E149="Atelier et montage",Charges!A149,"") | B149: =+IF(Charges!$E149="Atelier et montage",Charges!B149,"") | C149: =+IF(Charges!$E149="Atelier et montage",Charges!C149,"") | D149: =+IF(Charges!$E149="Atelier et montage",Charges!D149,"")
A150: =+IF(Charges!$E150="Atelier et montage",Charges!A150,"") | B150: =+IF(Charges!$E150="Atelier et montage",Charges!B150,"") | C150: =+IF(Charges!$E150="Atelier et montage",Charges!C150,"") | D150: =+IF(Charges!$E150="Atelier et montage",Charges!D150,"")
A151: =+IF(Charges!$E151="Atelier et montage",Charges!A151,"") | B151: =+IF(Charges!$E151="Atelier et montage",Charges!B151,"") | C151: =+IF(Charges!$E151="Atelier et montage",Charges!C151,"") | D151: =+IF(Charges!$E151="Atelier et montage",Charges!D151,"")
A152: =+IF(Charges!$E152="Atelier et montage",Charges!A152,"") | B152: =+IF(Charges!$E152="Atelier et montage",Charges!B152,"") | C152: =+IF(Charges!$E152="Atelier et montage",Charges!C152,"") | D152: =+IF(Charges!$E152="Atelier et montage",Charges!D152,"")
A153: =+IF(Charges!$E153="Atelier et montage",Charges!A153,"") | B153: =+IF(Charges!$E153="Atelier et montage",Charges!B153,"") | C153: =+IF(Charges!$E153="Atelier et montage",Charges!C153,"") | D153: =+IF(Charges!$E153="Atelier et montage",Charges!D153,"")
A154: =+IF(Charges!$E154="Atelier et montage",Charges!A154,"") | B154: =+IF(Charges!$E154="Atelier et montage",Charges!B154,"") | C154: =+IF(Charges!$E154="Atelier et montage",Charges!C154,"") | D154: =+IF(Charges!$E154="Atelier et montage",Charges!D154,"")
A155: =+IF(Charges!$E155="Atelier et montage",Charges!A155,"") | B155: =+IF(Charges!$E155="Atelier et montage",Charges!B155,"") | C155: =+IF(Charges!$E155="Atelier et montage",Charges!C155,"") | D155: =+IF(Charges!$E155="Atelier et montage",Charges!D155,"")
A156: =+IF(Charges!$E156="Atelier et montage",Charges!A156,"") | B156: =+IF(Charges!$E156="Atelier et montage",Charges!B156,"") | C156: =+IF(Charges!$E156="Atelier et montage",Charges!C156,"") | D156: =+IF(Charges!$E156="Atelier et montage",Charges!D156,"")
... A177: =+IF(Charges!$E177="Atelier et montage",Charges!A177,"") | B177: =+IF(Charges!$E177="Atelier et montage",Charges!B177,"") | C177: =+IF(Charges!$E177="Atelier et montage",Charges!C177,"") | D177: =+IF(Charges!$E177="Atelier et montage",Charges!D177,"")

Sheet Récap
B1: 44561 | C1: 44377
A2: Charges atelier | B2: =+Atelier!C144 -> 107325.44 | C2: =+Atelier!D144 -> 216642.16
A3: Charges montage | B3: =+Montage!C144 -> 31647.64 | C3: =+Montage!D144 -> 54660.81
A4: Charges atelier et montage | B4: =+'Atelier et montage'!C144 -> 110729.6 | C4: =+'Atelier et montage'!D144 -> 125133.68
A5: Charges non prise en compte | B5: =+'Non prises en compte'!C144 -> 1104236.3 | C5: =+'Non prises en compte'!D144 -> 1910783.1
A6: Total des charges | B6: =SUM(B2:B5) -> 1353939 | C6: =SUM(C2:C5) -> 2307219.7
A7: Vérification | B7: =+B6-Charges!C144 -> 0 | C7: =+C6-Charges!D144 -> 0
A9: Nombre d'heures d'atelier | B9: =+SUMIF(Salariés!$E$3:$E$22,"Atelier",Salariés!G3:G22) -> 8491.59 | C9: =+SUMIF(Salariés!$E$3:$E$22,"Atelier",Salariés!I3:I22) -> 17087.18
A10: Nombre d'heures de montage | B10: =+SUMIF(Salariés!$E$3:$E$22,"Monteur",Salariés!G3:G22) -> 5602.27 | C10: =+SUMIF(Salariés!$E$3:$E$22,"Monteur",Salariés!I3:I22) -> 12066.81
A11: Nombre d'heures totales | B11: =SUM(B9:B10) -> 14093.86 | C11: =SUM(C9:C10) -> 29153.99
A12: Nombre d'heures administratif | B12: =+SUMIF(Salariés!$E$3:$E$22,"Administratif",Salariés!G3:G22) -> 2990.02 | C12: =+SUMIF(Salariés!$E$3:$E$22,"Administratif",Salariés!I3:I22) -> 3921.04
A13: Vérification | B13: =+B11+B12-Salariés!G24 -> 0 | C13: =+C11+C12-Salariés!I24 -> 0
A15: Charges pour une heure d'atelier | B15: =+B2/B9+B4/B11 -> 20.495612 | C15: =+C2/C9+C4/C11 -> 16.970801
A16: Charges pour une heure de montage | B16: =+B3/B10+B4/B11 -> 13.505659 | C16: =+C3/C10+C4/C11 -> 8.8220107
A17: Vérification | B17: =+(B15*B9+B10*B16)-(B2+B3+B4) -> 0 | C17: =+(C15*C9+C10*C16)-(C2+C3+C4) -> 0
A19: Coût total / paie pour atelier | B19: =+SUMIF(Salariés!$E$3:$E$22,"Atelier",Salariés!F3:F22) -> 190469.18 | C19: =+SUMIF(Salariés!$E$3:$E$22,"Atelier",Salariés!H3:H22) -> 388667.65
A20: Coût total / paie pour montage | B20: =+SUMIF(Salariés!$E$3:$E$22,"Monteur",Salariés!F3:F22) -> 163727 | C20: =+SUMIF(Salariés!$E$3:$E$22,"Monteur",Salariés!H3:H22) -> 365477.64
A21: Coût total / paie pour administratif | B21: =+SUMIF(Salariés!$E$3:$E$22,"Administratif",Salariés!F3:F22) -> 72883.01 | C21: =+SUMIF(Salariés!$E$3:$E$22,"Administratif",Salariés!H3:H22) -> 193641.19
A22: Total | B22: =+SUM(B19:B21) -> 427079.19 | C22: =+SUM(C19:C21) -> 947786.48
A23: Vérification | B23: =+B22-Salariés!F24 -> 0 | C23: =+C22-Salariés!H24 -> 0
A25: Coût total / paie pour une heure d'atelier (adm. Compris) | B25: =+B19/B9+B21/B11 -> 27.601591 | C25: =+C19/C9+C21/C11 -> 29.388169
A26: Coût total / paie pour une heure de montage (adm. Compris) | B26: =+B20/B10+B21/B11 -> 34.396377 | C26: =+C20/C10+C21/C11 -> 36.929856
A27: Vérification | B27: =+B25*B9+B26*B10-B22 -> 0 | C27: =+C25*C9+C26*C10-C22 -> 0
A29: Coût global d'une heure d'atelier | B29: =+B25+B15 -> 48.097203 | C29: =+C25+C15 -> 46.358969
A30: Coût global d'une heure de montage | B30: =+B26+B16 -> 47.902036 | C30: =+C26+C16 -> 45.751866

Sheet Salariés
F1: 31/12/2021 - 6 mois | H1: 30/06/2021 - 12 mois
A2: N° | B2: Nom de l'employé | C2: N° | D2: Nom de l'employé | E2: Type | F2: Coût global | G2: Nb.H.Trav. | H2: Coût global | I2: Nb.H.Trav.
A3: 1 | B3: BOULET LAURENT | C3: 1 | D3: BOULET LAURENT | E3: Monteur | F3: 30823.35 | G3: 1080.52 | H3: 66329.91 | I3: 2263.54
A4: 2 | B4: BUYSE ANTONY | C4: 2 | D4: BUYSE ANTONY | E4: Atelier | F4: 23514.94 | G4: 950.27 | H4: 44118.59 | I4: 1593.12
A5: 4 | B5: CUVELIER JEROME | C5: 4 | D5: CUVELIER JEROME | E5: Atelier | F5: 23365.68 | G5: 1043.02 | H5: 43308.91 | I5: 2077.04
A6: 5 | B6: DELVAUX FRANCOIS | C6: 5 | D6: DELVAUX FRANCOIS | E6: Atelier | F6: 20626.63 | G6: 950.52 | H6: 40021.94 | I6: 1831.79
A7: 6 | B7: DELVAUX PHILIPPE | C7: 6 | D7: DELVAUX PHILIPPE | E7: Monteur | F7: 38331.41 | G7: 1117.77 | H7: 73939.7 | I7: 2228.79
A8: 8 | B8: FILLEBEEN AXEL | C8: 8 | D8: FILLEBEEN AXEL | E8: Atelier | F8: 23854.99 | G8: 994.02 | H8: 38630.19 | I8: 1986.79
C9: 9 | D9: JACLIN OLIVIER | E9: Atelier | H9: 50165.83 | I9: 1640.2
A10: 10 | B10: KIECKEN JEREMY | C10: 10 | D10: KIECKEN JEREMY | E10: Atelier | F10: 34114.05 | G10: 1115.27 | H10: 70033.19 | I10: 2264.79
A11: 11 | B11: KUYLLE BERTRAND | C11: 11 | D11: KUYLLE BERTRAND | E11: Monteur | F11: 30954.03 | G11: 1096.27 | H11: 59670.63 | I11: 2200.29
A12: 12 | B12: LEBEUF JEAN PHILIPPE | C12: 12 | D12: LEBEUF JEAN PHILIPPE | E12: Monteur | F12: 31929.49 | G12: 1084.52 | H12: 59241.05 | I12: 1518.78
A13: 13 | B13: LEFEBVRE CHRISTOPHE | C13: 13 | D13: LEFEBVRE CHRISTOPHE | E13: Monteur | F13: 580.19 | G13: 151.67 | H13: 2261.03
C14: 14 | D14: LEROY PASCALE | E14: Administratif | H14: 58713.12 | I14: 455.01
A15: 15 | B15: LOUVET RICHARD | C15: 15 | D15: LOUVET RICHARD | E15: Atelier | F15: 24075.68 | G15: 1006.02 | H15: 48776.09 | I15: 2073.04
A16: 16 | B16: OUTREMAN FRANCK | C16: 16 | D16: OUTREMAN FRANCK | E16: Administratif | F16: 52476.02 | G16: =40*52 -> 2080 | H16: 105493.28 | I16: =+G16 -> 2080
A17: 17 | B17: THIBAUT GERARD | C17: 17 | D17: THIBAUT GERARD | E17: Monteur | F17: 31108.53 | G17: 1071.52 | H17: 55149.89 | I17: 2126.54
A18: 18 | B18: KEITA LASSO | C18: 18 | D18: KEITA LASSO | E18: Atelier | F18: 11070.16 | G18: 616.68 | H18: 19190.53 | I18: 1410.53
A19: 19 | B19: NEVELESTYN LUDOVIC | C19: 19 | D19: NEVELESTYN LUDOVIC | E19: Atelier | F19: 15803.91 | G19: 885.77 | H19: 29261.39 | I19: 1914.54
C20: 22 | D20: MOREL FREDERIC | E20: Monteur | H20: 48885.43 | I20: 1728.87
A21: 23 | B21: CHAPUT AUDE | C21: 23 | D21: CHAPUT AUDE | E21: Administratif | F21: 20406.99 | G21: 910.02 | H21: 29434.79 | I21: 1386.03
A22: 24 | B22: WICKAERT LOIC | C22: 24 | D22: WICKAERT LOIC | E22: Atelier | F22: 14043.14 | G22: 930.02 | H22: 5160.99 | I22: 295.34
B23: Cumuls N-1 employés sans bulletins sur N | D23: Cumuls N-1 employés sans bulletins sur N
B24: TOTAL GENERAL | D24: TOTAL GENERAL | F24: =SUM(F3:F22) -> 427079.19 | G24: =SUM(G3:G22) -> 17083.88 | H24: =SUM(H3:H22) -> 947786.48 | I24: =SUM(I3:I22) -> 33075.03
